 Dungeon Crawl Stone Soup version 0.31.0-12-g77e489cdc1 (webtiles) character file.

Game seed: 7342439208371197800

1768 Killerpretzel the Changeling (level 9, -4/61 HPs)
             Began as an Octopode Shapeshifter on Feb 13, 2024.
             Slain by a gnoll sergeant
             ... wielding a +3 trident of protection
              (12 damage)
             ... on level 8 of the Dungeon.
             The game lasted 00:09:34 (6533 turns).

Killerpretzel the Changeling (OpSh)                 Turns: 6533, Time: 00:09:35

Health: -4/61      AC:  1    Str: 16    XL:     9   Next: 7%
Magic:  9/9        EV: 15    Int: 12    God:
Gold:   355        SH:  0    Dex: 15    Spells: 8/8 levels left

rFire   + . .        l - +5 whip "Gaxubb" {protect, *Noise rF+ rN+ Str+2}
rCold   . . .        (no shield)
rNeg    + . .        (helmet currently unavailable)
rPois   .            (no amulet)
rElec   .            (no ring)
rCorr   .            (no ring)
SInv    .            (no ring)
Will    .....        (no ring)
Stlth   ++           (no ring)
HPRegen 0.30/turn    (no ring)
MPRegen 0.11/turn    (no ring)
                     (no ring)

%: no passive effects
@: lethally poisoned (-4 -> -24), beast-form, slowed, very slow
A: beast (slay +4), almost no armour, amphibious, 8 rings, camouflage 1,
gelatinous body 1, (nimble swimmer 1), tentacles
a: Begin Untransformation


You were on level 8 of the Dungeon.
You were a hulking beast.
You visited 2 branches of the dungeon, and saw 9 of its levels.

You collected 355 gold pieces.

Inventory:

Hand Weapons
 l - the +5 whip "Gaxubb" (weapon) {protect, *Noise rF+ rN+ Str+2}
   (You found it on level 3 of the Dungeon)

   Str+2:     It affects your strength (+2).
   rF+:       It protects you from fire.
   rN+:       It protects you from negative energy.
   *Noise:    It may make a loud noise when swung.
 v - the +9 dagger "Buiwuir" {flame, ^Contam Int+5}
   (You found it on level 6 of the Dungeon)

   Int+5:     It affects your intelligence (+5).
   ^Contam:   It causes magical contamination when unequipped.
Missiles
 q - 2 javelins (quivered)
 u - 10 boomerangs
Jewellery
 n - a ring of ice
 t - an amulet of guardian spirit
Talismans
 b - a beast talisman
 c - a flux talisman
Wands
 j - a wand of flame (15)
Scrolls
 m - 2 scrolls of vulnerability
 o - a scroll of amnesia
 p - a scroll of blinking
Potions
 a - 3 potions of lignification
 d - a potion of heal wounds {unknown}
 e - a potion of degeneration
 f - 3 potions of resistance
 g - a potion of might
 h - 2 potions of haste
 i - 5 potions of curing
 k - a potion of attraction {unknown}
 r - a potion of magic {unknown}
 s - a potion of ambrosia {unknown}
 w - 2 potions of brilliance {unknown}
 x - a potion of cancellation {unknown}


   Skills:
 + Level 5.0 Fighting
 + Level 5.4 Dodging
 + Level 5.9 Unarmed Combat
 * Level 7.2 Shapeshifting


You had 8 spell levels left.
You didn't know any spells.
Your spell library contained the following spells:

 Spells                   Type           Power      Damage    Failure   Level
 Kiss of Death            Conj/Necr      0%         2d5       32%         1
 Magic Dart               Conj           0%         1d3       32%         1
 Ensorcelled Hibernation  Hex/Ice        0%         N/A       45%         2
 Lesser Beckoning         Tloc           0%         N/A       45%         2
 Searing Ray              Conj           0%         2d4       45%         2
 Confusing Touch          Hex            0%         N/A       69%         3
 Gell's Gravitas          Tloc           0%         N/A       69%         3
 Passwall                 Erth           0%         N/A       69%         3
 Swiftness                Air            0%         N/A       69%         3
 Teleport Other           Tloc           0%         N/A       69%         3
 Anguish                  Hex/Necr       0%         N/A       97%         4
 Brom's Barrelling Bould  Conj/Erth      0%         2d3       97%         4
 Cause Fear               Hex            0%         N/A       97%         4
 Dispel Undead            Necr           0%         3d6       97%         4
 Fulminant Prism          Conj/Alch      0%         3d5       97%         4
 Leda's Liquefaction      Alch/Erth      0%         N/A       97%         4
 Summon Blazeheart Golem  Fire/Summ      0%         N/A       97%         4
 Freezing Cloud           Conj/Ice/Air   0%         6-21      100%        5
 Iskenderun's Battlesphe  Conj           0%         2d6       100%        5
 Lee's Rapid Deconstruct  Erth           0%         3d4*      100%        5
 Bombard                  Conj/Erth      0%         9d1       100%        6
 Plasma Beam              Fire/Air       0%         2x1d10    100%        6
 Enfeeble                 Hex            0%         N/A       100%        7
 Spellforged Servitor     Conj/Summ      0%         N/A       100%        7


Dungeon Overview and Level Annotations

Branches:
Dungeon (8/15)             Temple (1/1) D:5
   Lair: D:8-11

Altars:
Ashenzari
Cheibriados
Dithmenos
Elyvilon
Gozag
Hepliaklqana
Kikubaaqudgha
Makhleb
Nemelex Xobeh
Okawaru
Qazlal
Ru
Uskayaw
Xom
The Shining One

Shops:
D:6 [   D:8 [


Innate Abilities, Weirdness & Mutations

You are a hulking beast.
Your limbs bulge with bestial killing power. (Slay +4)
You cannot wear most types of armour.
You are amphibious.
You can wear up to eight rings at the same time.
Your skin changes colour to match your surroundings (Stealth+).
Your rubbery body absorbs attacks. (AC +1, EV +1)
((You are camouflaged when in or above water. (Stealth+)))
You have tentacles for arms and can constrict up to eight enemies at once.


Message History

You hear an angry buzzing noise. x2; You hear a shout!
Something shouts, "Take thy face hence, thou puny toenail-biting vassal!"
You hear a shout!
You hear a bellow! x2; You hear an angry buzzing noise.
You hear a bellow!
You hear an angry buzzing noise.
You hear a shout!
You hear an angry buzzing noise.
The gnoll barely misses you.
You hit the gnoll. You grab the gnoll. You squeeze the gnoll!
You kill the gnoll!
The gnoll misses you. The gnoll barely misses you.
A hornet comes into view.
A gnoll comes into view. It is wielding a +0 whip.
The gnoll barely misses you.
Things that are here:
a +0 flail; a +0 spear; a gnoll corpse You barely miss the gnoll.
You grab the gnoll. You squeeze the gnoll!
The gnoll is almost dead.
You constrict the gnoll, but do no damage.
The gnoll closely misses you.
You whack the gnoll!
You kill the gnoll!
The hornet stings you!
You feel yourself slow down.
You feel yourself speed up. The hornet stings you!
You are poisoned.
You feel yourself slow down.
A gnoll comes into view. It is wielding a +0 spear.
The hornet misses you.
You feel yourself speed up.
You feel very sick.
The gnoll sergeant attacks as it pursues you!
The gnoll sergeant hits you from afar with a +3 trident of protection!
The hornet attacks as it pursues you! The hornet stings you!
* * * LOW HITPOINT WARNING * * *
You are more poisoned.
You feel yourself slow down.
A kobold comes into view. It is wielding a +0 short sword.
A kobold comes into view. It is wielding a +0 dagger.
The gnoll sergeant hits you from afar with a +3 trident of protection!
You die...

#.K..K......
#...........
########........=..
.........g........#
..................#
........w..........
.##.............#
##
................##
#.......##...##
.8..:∩...8#..#
..#.......##...


You could see a hornet, a gnoll sergeant, a ribbon worm, 2 gnolls and 2 kobolds.

Vanquished Creatures
  A water moccasin (D:6)
  An orc warrior (D:7)
  2 black bears
  2 ogres
  A centaur (D:7)
  2 bullfrogs (D:7)
  A scorpion (D:5)
  4 howler monkeys
  A bombardier beetle (D:4)
  2 hounds (D:6)
  3 jellies
  An orc priest (D:7)
  Jessica (D:3)
  3 iguanas
  3 sleepcaps
  3 orc wizards (D:7)
  3 gnolls (D:8)
  11 adders
  A river rat (D:6)
  3 shadow imps
  3 white imps (D:6)
  6 ribbon worms
  A dart slug (D:4)
  23 orcs
  10 ball pythons
  3 bats
  9 endoplasms
  7 giant cockroaches
  10 goblins
  6 hobgoblins
  5 jackals
  4 quokkas
  5 frilled lizards
  7 kobolds
  5 rats
153 creatures vanquished.

Notes
Turn   | Place    | Note
-------+----------+-------------------------------------------
     0 | D:1      | Killerpretzel the Octopode Shapeshifter began the quest for
                  | the Orb.
     0 | D:1      | Reached XP level 1. HP: 13/13 MP: 1/1
   152 | D:1      | You fall into a shaft and drop 1 floor!
   188 | D:2      | Reached XP level 2. HP: 18/18 MP: 2/2
   487 | D:2      | Reached XP level 3. HP: 17/23 MP: 3/3
  1165 | D:1      | Reached XP level 4. HP: 29/29 MP: 4/4
  1501 | D:3      | Noticed Jessica
  1506 | D:3      | Killed Jessica
  1646 | D:3      | Identified the +5 whip "Gaxubb" {protect, *Noise rF+ rN+
                  | Str+2}
  1706 | D:3      | Reached skill level 4 in Shapeshifting
  1739 | D:3      | Reached XP level 5. HP: 34/34 MP: 5/5
  2280 | D:4      | Noticed a black bear
  2341 | D:4      | Killed a black bear
  2342 | D:4      | Reached XP level 6. HP: 22/41 MP: 6/6
  2471 | D:4      | Found a sacrificial altar of Ru.
  2927 | D:4      | Found a stormy altar of Qazlal.
  3059 | D:5      | Entered Level 5 of the Dungeon
  3100 | D:5      | Noticed a black bear
  3200 | D:5      | Killed a black bear
  3201 | D:5      | Reached skill level 5 in Shapeshifting
  3201 | D:5      | Reached XP level 7. HP: 42/46 MP: 7/7
  3318 | D:5      | Found a hazy altar of Hepliaklqana.
  3360 | D:5      | Found a glowing golden altar of the Shining One.
  3370 | D:5      | Found a shimmering altar of Xom.
  3504 | D:5      | Found a staircase to the Ecumenical Temple.
  3507 | D:5      | Found an opulent altar of Gozag.
  3513 | Temple   | Entered the Ecumenical Temple
  3786 | D:5      | Found a burning altar of Makhleb.
  3788 | D:5      | Found a shadowy altar of Dithmenos.
  3956 | D:5      | Found a white marble altar of Elyvilon.
  4022 | D:5      | Found a snail-covered altar of Cheibriados.
  4246 | D:6      | Reached XP level 8. HP: 49/54 MP: 8/8
  4257 | D:6      | Reached skill level 5 in Unarmed Combat
  4257 | D:6      | Reached skill level 6 in Shapeshifting
  4486 | D:6      | Found a sparkling altar of Nemelex Xobeh.
  4593 | D:6      | Identified the +9 dagger "Buiwuir" {flame, ^Contam Int+5}
  5167 | D:6      | Got the Elucidation of Brilliant Pyromancy
  5201 | D:6      | Found Hikuckau's Antique Armour Shop.
  5593 | D:7      | Found a hide-covered altar of Uskayaw.
  5596 | D:7      | Noticed a +0 hand axe
  5597 | D:7      | Noticed a +0 dagger
  5652 | D:7      | Reached skill level 5 in Dodging
  5707 | D:7      | Found an ancient bone altar of Kikubaaqudgha.
  6042 | D:7      | Found an iron altar of Okawaru.
  6135 | D:7      | Reached skill level 7 in Shapeshifting
  6143 | D:7      | Reached XP level 9. HP: 60/60 MP: 9/9
  6489 | D:7      | Reached skill level 5 in Fighting
  6509 | D:8      | Found Piul's Armour Shoppe.
  6526 | D:8      | Noticed a hornet
  6533 | D:8      | Slain by a gnoll sergeant

Illustrated notes

Levels and vault maps discovered:
D:1:      minmay_arrival_widening_spiral_wide, layout_basic, dk_noncrumbling_4
D:2:      layout_rooms, minmay_split_cup_small
D:3:      layout_loops_ring, uniq_jessica
D:4:      cheibrodos_old_hovel, layout_loops_cross,
          mainiacjoe_overflow_tiny_flanked, mainiacjoe_overflow_alcove_1
D:5:      layout_basic, elyvilon_altar_1, amethyst_overflow_temple_binary,
          overflow_temple_1_default, lemuel_doored_altar,
          mainiacjoe_overflow_divided_tiny, mainiacjoe_overflow_chevrons,
          minmay_temple_entry_grid, nicolae_wormholes
D:6:      layout_loops_ring, mainiacjoe_overflow_small_starburst,
          serial_co_window_serial, co_window_paths_a, co_window_paths_a,
          co_window_corner_a, co_window_paths_a, co_window_corner_a,
          co_window_paths_a, co_window_corner_a, co_window_unsneaky_path_d,
          co_window_corner_b, co_window_corner_b, co_window_unsneaky_path_a,
          co_window_4corner_a, portal_sewer_entry_e, serial_shops,
          nicolae_inconvenience_store
D:7:      layout_loops_ring, marbit_many_paths, kiku_gazebo_pond_becter,
          dancing_weapons_uskayaw, enter_bailey_3, kennysheep_generic_room_13
D:8:      layout_rooms, lemuel_round_altar, nicolae_yredelemnul_corpse_copse,
          serial_shops, nicolae_stop_n_shop_1, hangedman_decor_diamond_cutter,
          uniq_psyche, uniq_pikel, uniq_jeremiah
Temple:   ebering_the_one_and_only

Skill      XL: |  1  2  3  4  5  6  7  8  9 |
---------------+----------------------------+-----
Fighting       | 2 3 4 5 |  5.0
Shapeshifting  | 4 5 7 |  7.2
Dodging        | 3 4 5 |  5.4
Unarmed Combat | 4 5 |  5.9

Action                     |  1- 3 |  4- 6 |  7- 9 || total
---------------------------+-------+-------+-------++-------
  Melee: Unarmed           |    54 |    31 |       ||    85
         Tentacles         |    10 |    21 |    47 ||    78
         Constrict         |     9 |    25 |    47 ||    81
         Whip              |       |    58 |   155 ||   213
         Punch             |       |     6 |    10 ||    16
    Use: Scroll            |       |    11 |     1 ||    12
   Stab: Sleeping          |     6 |     7 |     2 ||    15
 Armour: Skin              |    18 |    47 |    88 ||   153
  Dodge: Dodged            |    18 |    61 |   113 ||   192
